 Dungeon Crawl Stone Soup version 0.18-a0-1312-gf98331d (webtiles) character file.

328106 M4edhros the Evocator (level 21, -9/148 HPs)
             Began as an Octopode Artificer on Feb 12, 2016.
             Was the Champion of Fedhas.
             Mangled by an orc warrior
             ... wielding a cursed -3 war axe
             ... led by an orc knight
              (15 damage)
             ... while paralysed by an orc sorcerer
             ... on level 4 of the Vaults on Feb 14, 2016.
             The game lasted 05:25:29 (56301 turns).

M4edhros the Evocator (Octopode Artificer)         Turns: 56301, Time: 05:25:29

Health: -9/148     AC:  9    Str: 18      XL:     21   Next: 69%
Magic:  31/32      EV:  2    Int: 21 (22) God:    Fedhas [******]
Gold:   2103       SH:  0    Dex: 28      Spells: 8 memorised, 8 levels left

rFire  + . .     SeeInvis +     e - +5 demon trident (elec)
rCold  + . .     Gourm    .     u - +5 shield {reflect}
rNeg   + . .     Faith    .     K - +2 hat {SInv}
rPois  .         Spirit   .     Y - amulet of the Air {Inacc +Fly rElec EV+5 RMsl}
rElec  +         Dismiss  .     H - +3 ring of evasion
rCorr  .         Reflect  +     O - +5 ring of strength
SustAt .         Harm     .     d - ring of protection from cold
MR     .....                    P - ring "Aphamar" {rF+ rN+ MR- AC+6}
Stlth  +++++++++.               B - +3 ring of dexterity
                                m - ring "Zoufesus" {+Fly Dex+7 SInv}
                                V - +4 ring of evasion
                                E - +4 ring of evasion

@: paralysed, lethally poisoned (-9 -> -9), marked, very slightly contaminated,
regenerating, repel missiles, not resistant to hostile enchantments, incredibly
stealthy
A: almost no armour, amphibious, 8 rings, constrict 8, tentacle spike 1,
camouflage 1, agile 2, deterioration 1, low mp 1, mutation resistance 1, sense
surroundings 1, slow regeneration 1, strong 1, gelatinous body 1, MP-powered
wands
a: Evolution, Sunlight, Growth, Reproduction, Rain, Renounce Religion, Evoke
Flight
}: 2/15 runes: decaying, serpentine


You were on level 4 of the Vaults.
You worshipped Fedhas.
Fedhas was exalted by your worship.
You were not hungry.

You visited 8 branches of the dungeon, and saw 41 of its levels.
You also visited: Labyrinth, Bailey and Ice Cave.

You collected 5307 gold pieces.
You spent 3204 gold pieces at shops.

Inventory:

Hand Weapons
 e - a +5 demon trident of electrocution (weapon)
 p - a +3 blowgun
 y - the +7 hunting sling of the Shining Light {speed, Int+6}
   (You found it on level 3 of the Elven Halls)

   Attacks with this weapon are significantly faster.
   It affects your intelligence (+6).
Missiles
 i - 866 stones (quivered)
 v - 66 sling bullets
 x - 11 needles of paralysis
 X - 16 needles of sleeping
Armour
 u - a +5 shield of reflection (worn)
 K - a +2 hat of see invisible (worn)
Magical Staves
 U - an uncursed staff of energy
Rods
 g - a +6 rod of shadows (16/16)
   (You bought it in a shop on level 4 of the Dungeon)
 C - a +8 rod of inaccuracy (14/14)
   (You took it off a deep elf demonologist on level 1 of the Vaults)
 N - a +2 iron rod (14/14)
   (You found it in a labyrinth)
 S - a +2 iron rod (10/10)
   (You acquired it on level 2 of the Elven Halls)
Jewellery
 d - a ring of protection from cold (on tentacle)
 m - the ring "Zoufesus" (on tentacle) {+Fly Dex+7 SInv}
   (You found it in an ice cave)

   [ring of flight]

   It affects your dexterity (+7).
   It lets you see invisible.
   It lets you fly.
 o - an uncursed ring of protection from magic
 t - the amulet "Ecsufemm" {Reflect +Inv rElec Str-2 Slay+2 SH+3}
   (You found it on level 3 of the Elven Halls)

   [amulet of reflection]

   It shields you and reflects attacks.
   It affects your strength (-2).
   It affects your accuracy and damage with ranged weapons and melee attacks
   (+2).
   It insulates you from electricity.
   It lets you turn invisible.
   It affects your SH (+3).
 B - a +3 ring of dexterity (on tentacle)
 E - a +4 ring of evasion (on tentacle)
 H - a +3 ring of evasion (left tentacle)
 O - a +5 ring of strength (right tentacle)
 P - the ring "Aphamar" (on tentacle) {rF+ rN+ MR- AC+6}
   (You found it on level 3 of the Elven Halls)

   [ring of protection]

   It affects your AC (+6).
   It protects you from fire.
   It protects you from negative energy.
   It affects your resistance to hostile enchantments.
 Q - the amulet of Xom's Amusement {Gourm Slay+5 Stlth+}
   (You found it in a labyrinth)

   [amulet of the gourmand]

   It allows you to eat raw meat even when not hungry.
   It affects your accuracy and damage with ranged weapons and melee attacks
   (+5).
   It makes you more stealthy.
 V - a +4 ring of evasion (on tentacle)
 Y - the amulet of the Air (around mantle) {Inacc +Fly rElec EV+5 RMsl}
   (You found it on level 3 of the Elven Halls)

   [amulet of inaccuracy]

   It reduces the accuracy of all your attacks.
   It affects your evasion (+5).
   It insulates you from electricity.
   It lets you fly.
   It protects you from missiles.
Wands
 a - a wand of paralysis (6/24)
 h - a wand of acid (9/15)
 j - a wand of enslavement (4/24)
 k - a wand of confusion (14/48)
 G - a wand of lightning (11/15)
 I - a wand of iceblast (7/15)
 L - a wand of iceblast (4/15)
 T - a wand of iceblast (7/15)
 W - a wand of iceblast (13/15)
Scrolls
 f - 2 scrolls of fear
 n - 12 scrolls of fog
 z - 7 scrolls of teleportation
 J - 2 scrolls of summoning
Potions
 c - 4 potions of curing
 r - a potion of haste
 s - a potion of magic
 w - 2 potions of heal wounds
 D - a potion of agility
 Z - a potion of invisibility
Miscellaneous
 b - a stone of tremors
 l - a fan of gales
 q - a sack of spiders
 F - an ornate deck of escape {Damnation}
Comestibles
 A - 18 royal jellies
 R - 32 fruits


   Skills:
 - Level 14.1 Fighting
   Level 2.2 Short Blades
 - Level 5.8 Slings
 - Level 10.0 Dodging
 - Level 16.3 Stealth
 - Level 15.1 Shields
 + Level 9.6 Spellcasting
 - Level 7.6 Charms
 - Level 7.1 Necromancy
 * Level 11.9 Transmutations
 * Level 11.8 Earth Magic
 - Level 5.4 Poison Magic
 - Level 8.8 Invocations
 - Level 21.1 Evocations


You had 8 spell levels left.
You knew the following spells:

 Your Spells              Type           Power        Failure   Level  Hunger
a - Regeneration          Chrm/Necr      #####.....   1%          3    None
b - Shroud of Golubria    Chrm/Tloc      ####......   1%          2    None
c - Mephitic Cloud        Conj/Pois/Air  ###.....     12%         3    None
d - Statue Form           Trmt/Erth      ######...    10%         6    ######.
e - Lee's Rapid Deconstr  Erth           ######....   1%          5    ####...
f - Swiftness             Chrm/Air       ####....     1%          2    None
g - Summon Lightning Spi  Summ/Air       ##......     78%         4    ##.....
h - Deflect Missiles      Chrm/Air       ####......   99%         6    ######.


Dungeon Overview and Level Annotations

Branches:
Dungeon (15/15)            Temple (1/1) D:7            Lair (8/8) D:10
  Swamp (4/4) Lair:5        Snake (4/4) Lair:3        Slime (0/6) Lair:8
    Orc (2/2) D:11            Elf (3/3) Orc:2        Vaults (4/5) D:14
  Crypt (0/3) Vaults:2     Depths (0/5) D:15

Altars:
Ashenzari
Cheibriados
Dithmenos
Elyvilon
Fedhas
Gozag
Kikubaaqudgha
Makhleb
Nemelex Xobeh
Okawaru
Pakellas
Qazlal
Ru
Sif Muna
Trog
Vehumet
Xom
Yredelemnul
Zin
The Shining One

Shops:
D:4 %}=   D:8 [   D:12 (   D:13 !=   D:15 :   Orc:2 *[**([?   Elf:3 *
Vaults:1 (   Vaults:3 !

Annotations:
D:14 exclusion: Roxanne, Roxanne
Elf:2 5 runed doors, exclusion: 5 doors


Innate Abilities, Weirdness & Mutations

You cannot wear most types of armour.
You are amphibious.
You can wear up to eight rings at the same time.
You can use your tentacles to constrict eight enemies at once.
Your skin changes colour to match your surroundings (Stealth).
Your rubbery body absorbs attacks (AC +1).
One of your tentacles bears a spike.
You are very agile. (Dex +4)
Your body sometimes deteriorates upon taking damage.
Your magical capacity is low (-10% MP).
You are somewhat resistant to further mutation.
You passively map a small area around you.
You regenerate slowly when monsters are visible.
Your muscles are strong. (Str +2)
You expend magic power (3 MP) to strengthen your wands.


Message History

The killer bee stings you but does no damage.
The yaktaur captain hits you!
You feel sick.
The orc wizard hits you but does no damage.
The killer bee stings you.
The orc sorcerer hits you with a dagger.
The orc warrior hits you with a war axe!
* * * LOW HITPOINT WARNING * * *
The orc wizard hits you but does no damage.
The orc hits you but does no damage. The yaktaur captain hits you!!
* * * LOW HITPOINT WARNING * * *
The killer bee stings you but does no damage.
The killer bee changes into a swamp drake!
The orc wizard points at you and mumbles some strange words.
Helpless, you fail to dodge the puff of flame.
The orc sorcerer hits you with a dagger.
* * * LOW HITPOINT WARNING * * *
The orc warrior hits you with a war axe!
You die...
Fedhas appreciates your contribution to the ecosystem.

, * , , , , *
#..* , ,+ #..# ,
, , * #..# , , ,
* , #..# ,,, , ,
* #..#######'##
, ,
#..ooo.......,,
, ,,
+..c@k(########
* * *
#$.o...#......#
*
#(.....#......#
#......#......#
,
#......#.<....#
#......'......#
, ,*
#..f...#......#
,
#......########
,
###.....PP......
,


You could see a yaktaur captain, an orc sorcerer, a swamp drake shaped shifter,
an orc warrior, an orc wizard, an orc (frenzied) and a friendly wandering
mushroom.

Vanquished Creatures
  Mara (Elf:3)
  Norris (Snake:4)
  Saint Roka (Snake:4)
  Jorgrun (Swamp:3)
  A tentacled monstrosity (Swamp:4)
  3 deep elf master archers (Elf:3)
  2 deep elf blademasters (Elf:3)
  Frances (D:13)
  A shadow dragon (Vaults:1)
  4 greater nagas
  Maud (D:13)
  An iron dragon (Vaults:3)
  Donald (Swamp:2)
  4 deep elf sorcerers
  A frost giant (Vaults:2)
  2 fire giants
  Aizul (Swamp:2)
  An orc warlord (Vaults:1)
  2 vault wardens
  2 deep elf elementalists (Elf:3)
  6 ironheart preservers
  2 very ugly things
  3 stone giants
  A black draconian (Vaults:1)
  3 deep elf demonologists
  A dire elephant (shapeshifter) (Vaults:1)
  4 deep elf annihilators
  An ettin (Vaults:1)
  A minotaur (Lab)
  6 deep elf death magi
  A deep elf high priest (Elf:3)
  A crystal guardian (Vaults:3)
  3 vault guards (Vaults:1)
  4 yaktaur captains
  3 great orbs of eyes
  7 naga warriors
  A fire dragon (Vaults:1)
  4 ogre magi
  23 hydras
  A ghost crab (Swamp:3)
  2 rakshasas
  2 ice dragons
  A catoblepas (Lair:5)
  9 anacondas
  7 death yaks
  10 centaur warriors
  7 alligators
  10 dancing weapons
  2 death knights
  Erica (D:10)
  2 spriggan berserkers (Swamp:4)
  A deep troll earth mage (Vaults:1)
  2 naga sharpshooters (Snake:4)
  8 shock serpents
  6 wandering mushrooms
  3 orc high priests (Orc:2)
  11 deep elf knights
  Nergalle (Lair:4)
  2 shadow wraiths
  A fire crab (Vaults:2)
  A salamander mystic (Snake:4)
  4 skeletal warriors
  A spriggan druid (Swamp:4)
  2 unseen horrors
  A flayed ghost (Vaults:1)
  7 swamp dragons
  5 naga ritualists (Snake:4)
  14 deep elf archers
  A wizard (Vaults:3)
  4 hill giants
  Pikel (D:6)
  9 ironbrand convokers
  10 orc knights
  40 deep elf magi
  4 mana vipers
  29 ugly things
  4 cyclopes
  3 orc sorcerers
  A hornet (Vaults:2)
  A manticore (D:14)
  2 salamanders (Snake:2)
  4 griffons
  4 elephants (Lair:6)
  11 vault sentinels
  Maurice (D:13)
  2 guardian serpents (Snake:4)
  30 black mambas
  8 naga magi
  A torpor snail (Lair:1)
  2 ice statues (IceCv)
  9 spiny frogs
  4 komodo dragons
  26 yaktaurs
  A yaktaur (shapeshifter) (Vaults:2)
  5 freezing wraiths
  2 tengu conjurers (D:15)
  A fire drake (Lair:7)
  7 ice devils (IceCv)
  14 wasps
  4 trolls
  2 jumping spiders
  A jumping spider (shapeshifter) (Vaults:3)
  2 merfolk (Vaults:1)
  A queen bee (Lair:3)
  6 polar bears
  4 boulder beetles
  5 two-headed ogres
  A raiju (Lair:8)
  31 slime creatures
  A bog body (Swamp:4)
  3 giant leeches
  10 blink frogs
  11 spriggans
  6 redbacks
  A centaur simulacrum (D:15)
  2 wraiths (D:10)
  68 yaks
  3 shadows
  17 giant frogs
  A tarantella (Vaults:3)
  2 vampires
  2 spriggans (shapeshifter)
  A wyvern (Lair:6)
  5 air elementals
  A basilisk (Lair:8)
  2 fire elementals (Elf:3)
  10 hippogriffs
  2 hungry ghosts
  A warg (shapeshifter) (Vaults:1)
  A mottled dragon (Vaults:1)
  A soldier ant (shapeshifter) (Elf:2)
  19 vampire mosquitoes
  15 wolves
  10 wargs
  20 insubstantial wisps
  12 swamp worms
  16 water moccasins
  4 hell hounds (Lair:8)
  36 nagas
  10 porcupines
  A soldier ant (D:14)
  A porcupine (shapeshifter) (Vaults:2)
  32 orc warriors
  8 swamp drakes
  2 slaves (D:6)
  13 black bears
  4 ice beasts
  2 sky beasts
  A boggart (D:14)
  24 ogres
  An eye of draining (Lair:8)
  A phantom (D:14)
  32 centaurs
  8 crocodiles
  10 big kobolds
  2 earth elementals
  A wyvern skeleton (D:10)
  4 scorpions
  A water moccasin skeleton (D:8)
  17 killer bees
  The ghost of Amnesiac the Changer, a weakling DrTm of Okawaru (D:4)
  9 wights
  A vampire bat (Orc:2)
  3 electric eels
  9 crimson imps
  20 hounds
  4 giant frog skeletons
  16 orc priests
  5 jellies
  6 centaur skeletons
  9 iguanas
  19 orc wizards
  Natasha (twice) (D:3)
  4 worker ants
  31 sheep
  A hound zombie (D:7)
  9 adders
  21 river rats
  6 shadow imps
  13 white imps
  2 ufetubi (IceCv)
  4 oozes
  An adder skeleton (D:10)
  2 worms
  4 giant geckos
  94 orcs
  A ball python (D:7)
  15 bats
  5 giant cockroaches
  10 hobgoblins
  30 jackals
  25 kobolds
  5 quokkas
  2 giant gecko skeletons
  7 giant newts
  10 goblins
  A jackal skeleton (D:4)
  9 rats
  25 ballistomycetes
  9 giant spores
  12 toadstools
1449 creatures vanquished.

Vanquished Creatures (collateral kills)
  Rupert (Lair:7)
  A sphinx (Vaults:3)
  3 deep elf blademasters (Elf:3)
  2 deep elf master archers (Elf:3)
  5 greater nagas (Snake:4)
  The ghost of Jano the Nimble, an adept OpVM of Dithmenos (Snake:3)
  3 deep elf sorcerers
  2 deep elf elementalists (Elf:3)
  Louise (Snake:1)
  3 ironheart preservers
  A stone giant (Vaults:3)
  A very ugly thing (Vaults:3)
  A war gargoyle (Vaults:1)
  4 deep elf annihilators (Elf:3)
  A deep elf death mage (Elf:3)
  3 vault guards (Vaults:1)
  Josephine (D:10)
  2 yaktaur captains
  7 naga warriors
  8 hydras
  2 anacondas (Snake:4)
  2 death knights
  An ogre mage (Vaults:1)
  A dancing weapon (Elf:3)
  A deep troll shaman (Vaults:1)
  A tengu warrior (D:15)
  9 death yaks
  8 naga sharpshooters
  3 shock serpents (Snake:4)
  A deep elf knight (Elf:1)
  2 salamander mystics
  3 deep trolls (Vaults:1)
  3 naga ritualists
  A phantasmal warrior (Vaults:1)
  A hill giant (D:11)
  An orc knight (Orc:2)
  3 deep elf archers
  3 mana vipers
  An orc sorcerer (Orc:2)
  A manticore (D:11)
  3 salamanders
  2 elephants (Lair:6)
  4 ugly things
  3 deep elf magi
  2 guardian serpents (Snake:4)
  6 naga magi
  A vault sentinel (Vaults:3)
  13 black mambas
  An eye of devastation (Lair:8)
  2 centaur skeletons
  The ghost of dvd the Covert, a novice SpEn (D:6)
  3 spiny frogs
  A freezing wraith (Vaults:3)
  4 komodo dragons
  2 yaktaurs (Vaults:3)
  A fire drake (Lair:1)
  3 polar bears (Lair:8)
  A troll (D:15)
  2 two-headed ogres
  2 giant leeches (Swamp:1)
  A blink frog (Lair:3)
  5 slime creatures
  A raiju (Lair:8)
  An air elemental (Elf:1)
  Sigmund (D:6)
  24 yaks
  3 wraiths
  A wyvern (Lair:6)
  3 hippogriffs
  3 vampire mosquitoes
  2 basilisks
  2 hungry ghosts
  3 wargs
  3 swamp worms
  4 wolves
  An insubstantial wisp (Lair:8)
  26 nagas
  2 water moccasins
  A swamp drake (Swamp:1)
  11 orc warriors
  An ice beast (D:8)
  2 black bears
  2 ogres
  A necrophage (D:7)
  6 centaurs
  4 crocodiles
  4 giant frogs
  14 killer bees
  3 wights (D:9)
  A crimson imp (D:12)
  3 hounds (Lair:8)
  An orc priest (D:10)
  3 jellies
  A giant frog skeleton (D:7)
  A gnoll shaman (D:8)
  5 orc wizards
  An iguana (D:7)
  Natasha (D:3)
  A worker ant (D:10)
  10 sheep
  3 gnolls (D:8)
  An adder (D:7)
  3 river rats (Lair:6)
  A shadow imp (D:7)
  5 white imps (Lair:2)
  2 oozes (D:9)
  9 orcs
  A hobgoblin (D:3)
  2 kobolds (D:12)
  2 ballistomycetes
  34 giant spores
  5 hyperactive ballistomycetes
  A toadstool (Swamp:4)
388 creatures vanquished.

Vanquished Creatures (others)
  A deep elf master archer (Elf:3)
  3 thorn hunters
  A stone giant (Vaults:2)
  An ironheart preserver (Vaults:2)
  2 oklob plants (Snake:4)
  2 hydras (Swamp:4)
  An anaconda (Snake:4)
  A centaur warrior (Vaults:3)
  An alligator (Swamp:1)
  A naga sharpshooter (Snake:4)
  2 deep elf archers (Elf:2)
  A swamp dragon (Swamp:4)
  3 shambling mangroves
  2 cyclopes
  A vault sentinel (Vaults:3)
  3 yaktaurs
  9 bog bodies
  A blink frog (Swamp:4)
  63 wandering mushrooms
  2 spriggans (Swamp:2)
  A yak (Lair:8)
  3 swamp worms
  4 insubstantial wisps
  A naga (Snake:4)
  A swamp drake (Swamp:4)
  A giant frog (D:6)
  2 slaves (D:6)
  2 necrophages
  8 wasps
  3 centaurs (D:13)
  A scorpion (D:6)
  A jelly (D:6)
  2 orc wizards (D:7)
  2 orc priests (Orc:2)
  A killer bee zombie (D:10)
  A hound skeleton (D:6)
  12 river rats
  4 white imps (IceCv)
  5 ufetubi (IceCv)
  An orc (Orc:2)
  A jackal (D:7)
  52 ballistomycetes
  3 briar patches (Swamp:2)
  3 bushes (Lair:6)
  A butterfly (Lair:8)
  21 fungi
  34 giant spores
  4 hyperactive ballistomycetes
  24 plants
  1571 toadstools
1871 creatures vanquished.

Grand Total: 3708 creatures vanquished

Notes
Turn   | Place    | Note
--------------------------------------------------------------
     0 | D:1      | M4edhros the Octopode Artificer began the quest for the Orb.
     0 | D:1      | Reached XP level 1. HP: 13/13 MP: 3/3
    89 | D:1      | Reached XP level 2. HP: 16/18 MP: 4/4
   381 | D:4      | Found Vyelef's Gadget Emporium.
   422 | D:4      | Noticed a centaur
   552 | D:4      | Reached skill level 4 in Stealth
   552 | D:4      | Reached XP level 3. HP: 7/23 MP: 5/5
   578 | D:4      | Noticed an ogre
   764 | D:4      | Found Bixa's Jewellery Emporium.
   824 | D:4      | Noticed an ogre
   831 | D:5      | Entered Level 5 of the Dungeon
   887 | D:4      | Reached skill level 5 in Stealth
   887 | D:4      | Reached XP level 4. HP: 24/28 MP: 6/6
  1094 | D:4      | Killed an ogre
  1094 | D:4      | Reached skill level 7 in Stealth
  1094 | D:4      | Reached XP level 5. HP: 33/33 MP: 7/7
  1837 | D:5      | Reached XP level 6. HP: 38/38 MP: 8/8
  1870 | D:5      | Found a burning altar of Makhleb.
  1879 | D:5      | Reached skill level 8 in Stealth
  2103 | D:6      | Noticed Pikel
  2103 | D:6      | Noticed a slave
  2103 | D:6      | Noticed a slave
  2104 | D:6      | Killed a slave
  2106 | D:6      | Killed a slave
  2109 | D:6      | Killed Pikel
  2109 | D:6      | Reached skill level 11 in Stealth
  2109 | D:6      | Reached XP level 7. HP: 43/43 MP: 9/9
  2157 | D:6      | Noticed dvd's ghost (novice SpEn)
  2188 | D:6      | Reached XP level 8. HP: 48/48 MP: 10/10
  2238 | D:6      | Reached skill level 12 in Stealth
  2558 | D:6      | Noticed Sigmund
  2902 | D:7      | Reached skill level 13 in Stealth
  3086 | D:7      | Paralysed by an orc wizard for 7 turns
  3096 | D:7      | HP: 2/48 [orc wizard/puff of flame (5)]
  3103 | D:7      | Reached skill level 14 in Stealth
  3313 | D:7      | Found a deep blue altar of Sif Muna.
  3908 | D:7      | Found a sacrificial altar of Ru.
  3936 | D:7      | Reached XP level 9. HP: 30/53 MP: 11/11
  4121 | D:7      | Reached skill level 15 in Stealth
  4238 | D:7      | Found a staircase to the Ecumenical Temple.
  4245 | Temple   | Entered the Ecumenical Temple
  4337 | Temple   | Became a worshipper of Fedhas Madash
  4412 | D:7      | Gained mutation: Your body sometimes deteriorates upon taking damage. [mutagenic meat]
  4413 | D:7      | Gained mutation: You can translocate small distances at will. [mutagenic meat]
  4414 | D:7      | Gained mutation: Your flesh is heat resistant. [mutagenic meat]
  4415 | D:7      | Gained mutation: Your body often deteriorates upon taking damage. [mutagenic meat]
  4416 | D:7      | Gained mutation: You are partially covered in iridescent scales (AC +4). [mutagenic meat]
  4897 | D:2      | Found an iron altar of Okawaru.
  4900 | D:2      | Found a sacrificial altar of Ru.
  5762 | D:3      | Found an oddly glowing altar of Pakellas.
  5782 | D:3      | Reached * piety under Fedhas
  5811 | D:3      | Found a shimmering altar of Xom.
  5884 | D:3      | Noticed Natasha
  5906 | D:3      | Killed Natasha
  5906 | D:3      | Reached skill level 1 in Invocations
  5923 | D:3      | Noticed Natasha
  5932 | D:3      | Killed Natasha
  5939 | D:3      | Noticed Natasha
  5947 | D:3      | Killed Natasha
  6479 | D:6      | Killed dvd's ghost
  6479 | D:6      | Reached skill level 16 in Stealth
  6514 | D:6      | Killed Sigmund
  6935 | D:8      | Found a white marble altar of Elyvilon.
  7025 | D:8      | Found Cetsoff's Armour Emporium.
  7028 | D:8      | Bought a +2 hat of see invisible for 273 gold pieces
  7368 | D:8      | Reached skill level 5 in Invocations
  7538 | D:8      | Noticed a cyan ugly thing
  7678 | D:8      | Killed a cyan ugly thing
  7678 | D:8      | Reached XP level 10. HP: 58/58 MP: 15/15
  8002 | D:8      | Found a sparkling altar of Nemelex Xobeh.
  8002 | D:8      | Found a burning altar of Makhleb.
  8175 | D:9      | Reached ** piety under Fedhas
  8747 | D:9      | Gained mutation: You are partially covered in molten scales (AC +1). [potion of beneficial mutation]
  8752 | D:9      | Reached skill level 1 in Shields
  9553 | D:10     | Entered Level 10 of the Dungeon
  9586 | D:10     | Found a stormy altar of Qazlal.
  9757 | D:10     | Noticed Josephine
 10197 | D:9      | Upgraded the game from 0.18-a0-1300-g6e8322c to 0.18-a0-1303-g41c131c
 10332 | D:10     | Found a staircase to the Lair.
 10346 | D:10     | Noticed Erica
 10362 | D:10     | Killed Erica
 10362 | D:10     | Reached XP level 11. HP: 67/67 MP: 17/17
 10365 | D:10     | Gained mutation: Your mind is acute. (Int +2) [potion of beneficial mutation]
 10509 | D:10     | Reached skill level 5 in Dodging
 10595 | D:10     | Reached skill level 5 in Shields
 11376 | D:10     | Killed Josephine
 11487 | D:11     | Noticed a manticore
 11511 | D:10     | Gained mutation: You are clumsy. (Dex -2) [potion of mutation]
 11511 | D:10     | Gained mutation: You are mostly covered in molten scales (AC +3, EV -1). [potion of mutation]
 11513 | D:10     | Reached skill level 10 in Evocations
 11513 | D:10     | Reached XP level 12. HP: 56/72 MP: 19/19
 11593 | D:11     | Found a labyrinth entrance.
 11599 | Lab      | Entered a labyrinth
 13267 | Lab      | Noticed a minotaur
 13350 | Lab      | Killed a minotaur
 13397 | Lab      | Got a transparent sapphire amulet
 14004 | D:11     | Reached *** piety under Fedhas
 14433 | D:11     | Reached **** piety under Fedhas
 15138 | D:11     | Found a staircase to the Orcish Mines.
 15235 | D:11     | Reached XP level 13. HP: 78/78 MP: 22/22
 15710 | D:12     | Identified the amulet of Xom's Amusement {Gourm Slay+5 Stlth+} (You found it in a labyrinth)
 15783 | D:12     | Reached ***** piety under Fedhas
 15877 | D:12     | Found Ufimuk's Antique Weapon Boutique.
 15895 | D:12     | Reached skill level 1 in Slings
 15936 | D:12     | Bought a runed hunting sling for 45 gold pieces
 16318 | D:13     | Found a deep blue altar of Sif Muna.
 16351 | D:13     | Noticed Frances
 16430 | D:13     | Found Wemiq's Distillery.
 16435 | D:13     | Bought a potion of mutation for 45 gold pieces
 16435 | D:13     | Bought a potion of agility for 72 gold pieces
 16435 | D:13     | Gained mutation: Scrolls take you a little longer to read. [potion of mutation]
 16435 | D:13     | Lost mutation: Your flesh is heat resistant. [potion of mutation]
 16538 | D:13     | Found Weleple's Jewellery Boutique.
 16588 | D:13     | Lost mutation: Your body often deteriorates upon taking damage. [mutagenic meat]
 16600 | D:13     | Noticed Maurice
 16610 | D:13     | Killed Maurice
 16625 | D:13     | Found a flagged portal.
 16625 | D:13     | Reached skill level 5 in Slings
 16716 | Bailey   | Entered a bailey
 17517 | Bailey   | what! found manual of fighting and manual of shields!
 17845 | Lair:1   | Entered Level 1 of the Lair of Beasts
 18041 | Lair:1   | Found a sparkling altar of Nemelex Xobeh.
 18118 | Lair:1   | Learned a level 3 spell: Regeneration
 18121 | Lair:1   | Learned a level 2 spell: Shroud of Golubria
 18661 | Lair:2   | Found a frozen archway.
 18797 | IceCv    | Entered an ice cave
 19884 | IceCv    | Reached skill level 10 in Shields
 20512 | IceCv    | Got a heavily runed bronze ring
 20513 | IceCv    | Identified the ring "Zoufesus" {+Fly Dex+7 SInv} (You found it in an ice cave)
 21464 | Lair:3   | Upgraded the game from 0.18-a0-1303-g41c131c to 0.18-a0-1311-g779ca93
 21488 | Lair:3   | Reached XP level 14. HP: 37/84 MP: 23/23
 22550 | Lair:3   | Found a staircase to the Snake Pit.
 23431 | Lair:4   | Noticed Nergalle
 23445 | Lair:4   | Killed Nergalle
 24097 | Lair:5   | Reached skill level 15 in Shields
 24399 | Lair:5   | Found a staircase to the Swamp.
 24902 | Lair:5   | Reached skill level 1 in Spellcasting
 24964 | Lair:6   | Reached skill level 1 in Necromancy
 25197 | Lair:6   | Reached skill level 1 in Charms
 26093 | Lair:6   | Found a shimmering altar of Xom.
 26236 | Lair:5   | Lost mutation: You are mostly covered in molten scales (AC +3, EV -1). [helix card]
 26236 | Lair:5   | Gained mutation: You are partially covered in slimy green scales (AC +2). [helix card]
 26238 | Lair:5   | Lost mutation: Your mind is acute. (Int +2) [helix card]
 26239 | Lair:5   | Gained mutation: You passively map a small area around you. [helix card]
 26246 | Lair:5   | Drew Focus: Int increased to 19, Str decreased to 10
 26247 | Lair:5   | Lost mutation: Scrolls take you a little longer to read. [helix card]
 26247 | Lair:5   | Gained mutation: You are covered in fur (AC +1). [helix card]
 26858 | Lair:7   | Reached XP level 15. HP: 80/90 MP: 24/24
 26922 | Lair:7   | Reached skill level 5 in Spellcasting
 26972 | Lair:7   | Noticed Rupert
 27046 | Lair:7   | Killed Rupert
 27046 | Lair:7   | Reached skill level 5 in Necromancy
 27242 | Lair:7   | Gained mutation: You passively map the area around you. [potion of mutation]
 27242 | Lair:7   | Gained mutation: Your muscles are strong. (Str +2) [potion of mutation]
 27242 | Lair:7   | Lost mutation: You are partially covered in molten scales (AC +1). [potion of mutation]
 27897 | Lair:8   | Entered Level 8 of the Lair of Beasts
 27997 | Lair:8   | Found a staircase to the Slime Pits.
 28314 | Lair:8   | Reached skill level 5 in Charms
 30291 | D:13     | Reached skill level 5 in Fighting
 30369 | D:13     | Noticed Maud
 30379 | D:13     | Killed Maud
 30724 | D:13     | Killed Frances
 31192 | D:14     | Noticed Roxanne
 31241 | D:14     | Found an ancient bone altar of Kikubaaqudgha.
 31516 | D:14     | Reached skill level 10 in Fighting
 31532 | D:14     | Reached XP level 16. HP: 34/110 MP: 25/25
 31873 | D:14     | Found a gate to the Vaults.
 32190 | D:15     | Entered Level 15 of the Dungeon
 32791 | D:15     | Found an iron altar of Okawaru.
 32842 | D:15     | Found Ylove's Book Boutique.
 33184 | D:15     | Found a staircase to the Depths.
 33392 | Orc:1    | Entered Level 1 of the Orcish Mines
 33480 | Orc:2    | Entered Level 2 of the Orcish Mines
 33500 | Orc:2    | Found a staircase to the Elven Halls.
 33521 | Orc:2    | Found Suomilaly's General Store.
 33543 | Orc:2    | Bought a potion of mutation for 30 gold pieces
 33547 | Orc:2    | Gained mutation: Scrolls take you a little longer to read. [potion of mutation]
 33547 | Orc:2    | Gained mutation: Your spells are a little easier to cast, but a little less powerful. [potion of mutation]
 33638 | Orc:2    | Found Cukk's Magic Scroll Shoppe.
 33836 | Orc:2    | Found Nazouvu's General Store.
 34165 | Orc:2    | Reached ****** piety under Fedhas
 34285 | Orc:2    | Found Danoppi's Antique Armour Boutique.
 34285 | Orc:2    | Found Mogiss's Weapon Shoppe.
 34288 | Orc:2    | Found Haruurph Pina's General Store.
 34288 | Orc:2    | Found Cobull's Antique Armour Shoppe.
 34802 | D:4      | Bought a +2 rod of shadows (13/13) for 1400 gold pieces
 34802 | D:4      | Bought a plain deck of changes for 196 gold pieces
 35161 | D:4      | Noticed Amnesiac's ghost (weakling DrTm)
 35167 | D:4      | Killed Amnesiac's ghost
 35216 | D:4      | Found Puivyj's Food Shoppe.
 35234 | D:4      | Bought a fruit for 21 gold pieces
 35234 | D:4      | Bought 4 fruits for 84 gold pieces
 36094 | Swamp:1  | Entered Level 1 of the Swamp
 36443 | Swamp:1  | Found a white marble altar of Elyvilon.
 36991 | Swamp:1  | Identified a scroll of acquirement
 37176 | Swamp:2  | Noticed a thorn hunter
 37179 | Swamp:2  | Noticed Aizul
 37187 | Swamp:2  | Killed a thorn hunter
 37330 | Swamp:2  | Killed Aizul
 37458 | Swamp:2  | Noticed Donald
 37502 | Swamp:2  | Killed Donald
 37584 | Swamp:2  | Identified the Volume of Air
 37591 | Swamp:2  | Learned a level 3 spell: Mephitic Cloud
 38384 | Swamp:3  | Reached skill level 15 in Evocations
 38409 | Swamp:3  | Noticed Jorgrun
 38521 | Swamp:3  | Killed Jorgrun
 38695 | Swamp:3  | Noticed a thorn hunter
 38857 | Swamp:3  | Reached XP level 17. HP: 125/125 MP: 28/28
 39034 | Swamp:4  | Entered Level 4 of the Swamp
 39121 | Swamp:4  | Noticed a tentacled monstrosity
 39130 | Swamp:4  | Killed a tentacled monstrosity
 39938 | Swamp:4  | Reached skill level 17 in Evocations
 40066 | Swamp:4  | HP: 6/125 [poison (poison gas)]
 40071 | Swamp:4  | HP: 6/125 [poison (poison gas)]
 40342 | Swamp:4  | Got a decaying rune of Zot
 40727 | Snake:1  | Entered Level 1 of the Snake Pit
 40727 | Snake:1  | Noticed Louise
 40736 | Snake:1  | Killed Louise
 41162 | Snake:1  | Gained mutation: You are occasionally teleported next to monsters. [potion of mutation]
 41170 | Snake:1  | Lost mutation: You can translocate small distances at will. [potion of cure mutation]
 41170 | Snake:1  | Lost mutation: Your body sometimes deteriorates upon taking damage. [potion of cure mutation]
 41170 | Snake:1  | Lost mutation: You are clumsy. (Dex -2) [potion of cure mutation]
 41170 | Snake:1  | Lost mutation: You passively map the area around you. [potion of cure mutation]
 41171 | Snake:1  | Lost mutation: You are partially covered in slimy green scales (AC +2). [potion of cure mutation]
 41171 | Snake:1  | Lost mutation: Scrolls take you a little longer to read. [potion of cure mutation]
 41171 | Snake:1  | Lost mutation: You passively map a small area around you. [potion of cure mutation]
 41171 | Snake:1  | Lost mutation: You are covered in fur (AC +1). [potion of cure mutation]
 41171 | Snake:1  | Lost mutation: Your muscles are strong. (Str +2) [potion of cure mutation]
 41171 | Snake:1  | Lost mutation: You are partially covered in iridescent scales (AC +4). [potion of cure mutation]
 41754 | Snake:2  | Reached skill level 18 in Evocations
 41880 | Snake:2  | Got a slimy war axe
 41881 | Snake:2  | Identified the +10 war axe "Herenela" {flame, Int+5} (You found it on level 2 of the Snake Pit)
 42275 | Orc:2    | Bought a potion of cure mutation for 325 gold pieces
 42275 | Orc:2    | Lost mutation: You are occasionally teleported next to monsters. [potion of cure mutation]
 42275 | Orc:2    | Lost mutation: Your spells are a little easier to cast, but a little less powerful. [potion of cure mutation]
 44032 | Snake:3  | Noticed Jano's ghost (adept OpVM)
 44039 | Snake:3  | Killed Jano's ghost
 44393 | Snake:3  | Reached XP level 18. HP: 131/131 MP: 31/31
 44494 | Snake:4  | Entered Level 4 of the Snake Pit
 44554 | Snake:4  | Reached skill level 19 in Evocations
 44669 | Snake:4  | Noticed Saint Roka
 44711 | Snake:4  | Killed Saint Roka
 45092 | Snake:4  | Noticed Norris
 45116 | Snake:4  | Killed Norris
 45197 | Snake:4  | Reached skill level 20 in Evocations
 45770 | Snake:4  | Gained mutation: You are partially covered in large bone plates (AC +2, SH +2). [mutagenic meat]
 45771 | Snake:4  | Gained mutation: You are partially covered in iridescent scales (AC +4). [mutagenic meat]
 45772 | Snake:4  | Gained mutation: You are weak. (Str -2) [mutagenic meat]
 45773 | Snake:4  | Gained mutation: One of your tentacles bears a spike. [mutagenic meat]
 45814 | Snake:4  | Reached skill level 21 in Evocations
 46052 | Snake:4  | Gained mutation: You have supernaturally acute eyesight. [mutagenic meat]
 46053 | Snake:4  | Gained mutation: You possess an exceptional clarity of mind. [mutagenic meat]
 46054 | Snake:4  | Gained mutation: Your body sometimes deteriorates upon taking damage. [mutagenic meat]
 46055 | Snake:4  | Gained mutation: You are partially covered in rough black scales (AC +4, Dex -1). [mutagenic meat]
 46057 | Snake:4  | Gained mutation: Your magical capacity is low (-10% MP). [mutagenic meat]
 46102 | Snake:4  | Got a serpentine rune of Zot
 46736 | Elf:1    | Entered Level 1 of the Elven Halls
 47113 | Elf:1    | Reached XP level 19. HP: 97/136 MP: 30/30
 47520 | Elf:1    | Reached skill level 10 in Dodging
 47807 | Lair:2   | Learned a level 6 spell: Statue Form
 48060 | Elf:2    | Reached skill level 1 in Transmutations
 48107 | Elf:2    | Reached skill level 1 in Earth Magic
 48216 | Elf:2    | Found a huge runed gate.
 48216 | Elf:2    | Found a huge runed gate.
 48216 | Elf:2    | Found a huge runed gate.
 48216 | Elf:2    | Found a huge runed gate.
 48217 | Elf:2    | Found a huge runed gate.
 48589 | Elf:3    | Entered Level 3 of the Elven Halls
 48731 | Elf:3    | Found Caal's General Store.
 48991 | Elf:3    | Noticed Mara
 49014 | Elf:3    | Noticed M4edhros's illusion
 49016 | Elf:3    | Killed Mara
 49354 | Elf:3    | Reached skill level 5 in Earth Magic
 49535 | Elf:3    | Reached skill level 5 in Transmutations
 49755 | Elf:3    | Noticed a Brimstone Fiend
 49830 | Elf:3    | Upgraded the game from 0.18-a0-1311-g779ca93 to 0.18-a0-1312-gf98331d
 49948 | Elf:3    | Got a smoking zirconium amulet
 50012 | Elf:3    | Identified the Volume of Scorching Battle Magic
 50121 | Elf:3    | Got a crude silver amulet
 50139 | Elf:3    | Identified the amulet "Ruawozod" {Harm *Drain Int+3} (You found it on level 3 of the Elven Halls)
 50186 | Elf:3    | Reached XP level 20. HP: 143/143 MP: 31/31
 50188 | Elf:3    | Got a crystal hunting sling
 50192 | Elf:3    | Identified the +7 hunting sling of the Shining Light {speed, Int+6} (You found it on level 3 of the Elven Halls)
 50274 | Elf:3    | Got a warped marble ring
 50276 | Elf:3    | Identified the ring "Aphamar" {rF+ rN+ MR- AC+6} (You found it on level 3 of the Elven Halls)
 50281 | Elf:3    | Identified the amulet "Ecsufemm" {Reflect +Inv rElec Str-2 Slay+2 SH+3} (You found it on level 3 of the Elven Halls)
 50702 | Vaults:1 | Entered Level 1 of the Vaults
 51077 | Vaults:1 | Gained mutation: You have a pair of small antennae on your head. [mutagenic meat]
 51245 | Vaults:1 | Reached skill level 1 in Poison Magic
 51406 | Vaults:1 | Identified a +8 rod of inaccuracy (8/14) (You took it off a deep elf demonologist on level 1 of the Vaults)
 51440 | Vaults:1 | HP: 4/143 [black draconian/bolt of lightning (25)]
 51555 | Vaults:1 | Found Quutu's Antique Weapon Emporium.
 52497 | Vaults:1 | Got a steaming lead ring
 52498 | Vaults:1 | Identified the cursed ring of Amorality {+Fly Dex-3 SInv} (You took it off a black draconian on level 1 of the Vaults)
 52596 | Vaults:1 | Gained mutation: Your body often deteriorates upon taking damage. [mutagenic meat]
 52644 | Vaults:1 | Gained mutation: You are resistant to hostile enchantments. [mutagenic meat]
 52645 | Vaults:1 | Lost mutation: You are partially covered in large bone plates (AC +2, SH +2). [mutagenic meat]
 52646 | Vaults:1 | Gained mutation: You are robust (+10% HP). [mutagenic meat]
 53414 | Vaults:2 | Gained mutation: You are partially covered in yellow scales (AC +2). [mutagenic meat]
 53415 | Vaults:2 | Gained mutation: You regenerate slowly when monsters are visible. [mutagenic meat]
 53417 | Vaults:2 | Lost mutation: You are robust (+10% HP). [mutagenic meat]
 53421 | Vaults:2 | Lost mutation: Your body often deteriorates upon taking damage. [mutagenic meat]
 53422 | Vaults:2 | Lost mutation: You have a pair of small antennae on your head. [mutagenic meat]
 53460 | Vaults:2 | Learned a level 5 spell: Lee's Rapid Deconstruction
 53463 | Vaults:2 | Learned a level 2 spell: Swiftness
 53663 | Vaults:2 | Reached skill level 10 in Earth Magic
 53811 | Vaults:2 | Lost mutation: Your magical capacity is low (-10% MP). [mutagenic meat]
 53836 | Vaults:2 | Reached skill level 5 in Poison Magic
 53854 | Vaults:2 | Reached skill level 10 in Transmutations
 53867 | Vaults:2 | Reached XP level 21. HP: 125/148 MP: 35/35
 53909 | Vaults:2 | Lost mutation: You are weak. (Str -2) [mutagenic meat]
 53910 | Vaults:2 | Gained mutation: One of your tentacles bears a nasty spike. [mutagenic meat]
 54071 | Vaults:2 | Lost mutation: You possess an exceptional clarity of mind. [mutagenic meat]
 54072 | Vaults:2 | Lost mutation: You are partially covered in rough black scales (AC +4, Dex -1). [mutagenic meat]
 54074 | Vaults:2 | Lost mutation: You have supernaturally acute eyesight. [mutagenic meat]
 54076 | Vaults:2 | Gained mutation: You expend magic power (3 MP) to strengthen your wands. [mutagenic meat]
 54078 | Vaults:2 | Gained mutation: You are dopey. (Int -2) [mutagenic meat]
 54079 | Vaults:2 | Lost mutation: You are resistant to hostile enchantments. [mutagenic meat]
 54080 | Vaults:2 | Gained mutation: You passively map a small area around you. [mutagenic meat]
 54081 | Vaults:2 | Lost mutation: You are partially covered in iridescent scales (AC +4). [mutagenic meat]
 54083 | Vaults:2 | Lost mutation: One of your tentacles bears a nasty spike. [mutagenic meat]
 54084 | Vaults:2 | Gained mutation: You are agile. (Dex +2) [mutagenic meat]
 54294 | Vaults:2 | Lost mutation: You are dopey. (Int -2) [mutagenic meat]
 54578 | Vaults:2 | Found a staircase to the Crypt.
 54578 | Vaults:2 | Found a basalt altar of Yredelemnul.
 54585 | Vaults:2 | Found an ancient bone altar of Kikubaaqudgha.
 54589 | Vaults:2 | Gained mutation: You are very agile. (Dex +4) [mutagenic meat]
 54969 | Vaults:3 | Gained mutation: You have a pair of small antennae on your head. [mutagenic meat]
 54970 | Vaults:3 | Lost mutation: You have a pair of small antennae on your head. [mutagenic meat]
 54985 | Vaults:3 | Lost mutation: You are partially covered in yellow scales (AC +2). [mutagenic meat]
 54986 | Vaults:3 | Gained mutation: Your muscles are strong. (Str +2) [mutagenic meat]
 55510 | Vaults:3 | Found Asesei's Distillery.
 55514 | Vaults:3 | Bought a potion of heal wounds for 115 gold pieces
 55514 | Vaults:3 | Bought 2 potions of haste for 460 gold pieces
 55514 | Vaults:3 | Bought a potion of curing for 69 gold pieces
 55514 | Vaults:3 | Bought a potion of curing for 69 gold pieces
 55543 | Vaults:3 | Gained mutation: Your magical capacity is low (-10% MP). [mutagenic meat]
 55545 | Vaults:3 | Gained mutation: You are somewhat resistant to further mutation. [mutagenic meat]
 55823 | Vaults:3 | Learned a level 4 spell: Summon Lightning Spire
 55830 | Vaults:3 | Learned a level 6 spell: Deflect Missiles
 56296 | Vaults:4 | Paralysed by an orc sorcerer for 7 turns
 56301 | Vaults:4 | HP: 6/148 [orc sorcerer/dagger[an orc knight] (4)]
 56301 | Vaults:4 | Mangled by an orc warrior

Vault maps used:
D:1:      dpeg_arrival_rooms_c, minmay_box_of_dots
D:2:      minitemple, minmay_misc_feat_enclosed,
          hangedman_abyss_or_decor_lesser_grid
D:3:      overflow_temple_1_default, lemuel_round_altar, first_bread,
          minmay_ogre_servants, uniq_natasha
D:4:      serial_shops, shop, nicolae_shop_crystal, kennysheep_mini_moat,
          minivault_14
D:5:      makhleb_heckhound_becter
D:6:      uniq_pikel, uniq_sigmund
D:7:      overflow_temple_1_default, minmay_temple_entry_nine_rooms,
          st_stairs_1, kennysheep_flooded_box
D:8:      nicolae_overflow_crystal_walls, gammafunk_temple_overflow_wave,
          serial_shops, nicolae_shop_statue_plus
D:9:      hangedman_little_slice_of_home, eino_curves_04
D:10:     lemuel_flame_loot_2, erik_lair_orcish_takeover,
          grunt_qazlal_sundering, uniq_erica, uniq_josephine
D:11:     erik_orc_2, lab_entry_generic, grunt_decor_arrowhead
D:12:     serial_shops, shop
D:13:     serial_shops, shop, nicolae_shop_statue_plus, basic_altar,
          enter_bailey_3, uniq_frances, uniq_maud, uniq_maurice
D:14:     hangedman_vaults_entry_quadrant_bands, minmay_tree_intersection,
          basic_altar, uniq_roxanne
D:15:     grunt_enter_depths_snipers, lemuel_crystal_altar, serial_shops,
          nicolae_shop_temple_entry_statues_fountains
Temple:   jpeg_temple_clearing_12
Lair:1:   basic_altar, grunt_megastairs_2
Lair:2:   portal_ice_cave_entry_imps
Lair:3:   minmay_snake_entry_guardpost_large, infiniplex_staircase_pool,
          lemuel_fruit_tree
Lair:4:   bh_autumn_forest_stairs, uniq_nergalle
Lair:5:   minmay_swamp_entry_wisps, lemuel_fruit_fields, lemuel_fruit_fields
Lair:6:   basic_altar, st_stairs_12, beast_lair_carwin_9
Lair:7:   uniq_rupert
Lair:8:   hangedman_lair_caniforms_friends, minmay_slime_entry_eyes,
          minivault_11
Swamp:1:  nicolae_swamp_godswood
Swamp:2:  serial_swamp_ruin, hangedman_swamp_ruin_hall,
          evilmike_swamp_ruin_house_2, hangedman_swamp_blocks, uniq_donald,
          uniq_aizul
Swamp:3:  evilmike_swamp_ruin_house_6, uniq_jorgrun
Swamp:4:  swamp_basic_johnstein, infiniplex_staircase_pool_2
Snake:1:  grunt_megastairs_5, uniq_louise
Snake:4:  johnstein_snake_rune_scales, grunt_ministairs_12,
          basic_stair_grate_trap, grunt_megastairs_4, serial_bayou_shore_b,
          uniq_norris, uniq_saint_roka
Orc:1:    mines2_lemuel
Orc:2:    grunt_orc_tribal_feast, serial_shops, shop, shop, shop,
          roderic_batcave
Elf:1:    minmay_elf_arrival_circle, grunt_ministairs_13,
          serial_sigils_hangedman_gut, solitary_fountain
Elf:2:    grunt_ministairs_3
Elf:3:    minmay_elf_hall, serial_shops, nicolae_shop_stone, uniq_mara
Vaults:1: v_misc_32, ontoclasm_vaults_misaligned, vaults_room_large_hall,
          st_greater_box_4, vaults_dpeg_encased_lava, ontoclasm_vaults_spin,
          vaults_dpeg_spiral, vaults_room_semicircle, nicolae_vaults_what_the_h,
          nicolae_vaults_mini_display_case, vaults_dpeg_ring,
          ontoclasm_vaults_chip, nicolae_vaults_ring_of_whatevers,
          ontoclasm_vaults_fault, serial_shops, shop
Vaults:2: v_pattern_3, nicolae_vaults_know_your_exits, ontoclasm_vaults_chip,
          nicolae_vaults_little_squares_6, minmay_crypt_entry_necro_gods,
          ontoclasm_vaults_shuriken, v_misc_1, hangedman_vaults_restitches,
          ontoclasm_vaults_chip
Vaults:3: nicolae_vaults_three_branches, v_misc_2, v_alt_pattern_6,
          nicolae_vaults_shelves_hall, nicolae_vaults_circle_grid_a,
          nicolae_vaults_c_with_doors, v_misc_33, hangedman_vaults_locks,
          nicolae_vaults_angled_halls, v_pattern_1, nicolae_vaults_theta,
          serial_shops, shop
Vaults:4: vaults_room_door_ring, ontoclasm_vaults_twist, v_pattern_4, v_misc_17,
          ontoclasm_vaults_chip, v_misc_31, vaults_room_fours,
          nicolae_vaults_little_squares_3, vaults_room_corners, serial_shops,
          shop
Lab:      labyrinth_skeletal_remains
Bailey:   bailey_polearm_2, bailey
IceCv:    ice_cave_small_demon

Action                   |  1- 3 |  4- 6 |  7- 9 | 10-12 | 13-15 | 16-18 | 19-21 || total
-------------------------+-------+-------+-------+-------+-------+-------+-------++-------
Melee: Short sword       |     4 |       |       |       |     1 |       |       ||     5
       Mace              |     8 |     1 |       |     8 |       |       |       ||    17
       Dagger            |    24 |    47 |   305 |   511 |   771 |   296 |       ||  1954
       Rod               |       |       |       |       |     2 |       |       ||     2
       Demon trident     |       |       |       |       |       |   263 |   889 ||  1152
 Fire: Blowgun           |       |       |    28 |   176 |    27 |     1 |       ||   232
       Hunting sling     |       |       |       |       |  1158 |   799 |   428 ||  2385
Throw: Stone             |       |       |       |     1 |       |     1 |       ||     2
 Cast: Regeneration      |       |       |       |       |     3 |    84 |    62 ||   149
       Shroud of Golubri |       |       |       |       |       |     3 |     2 ||     5
       Mephitic Cloud    |       |       |       |       |       |     1 |     4 ||     5
       Statue Form       |       |       |       |       |       |       |     1 ||     1
Invok: Evolution         |       |       |     3 |    12 |    35 |    28 |    14 ||    92
       Reproduction      |       |       |       |       |    19 |    16 |     6 ||    41
       Growth            |       |       |       |       |     1 |       |     2 ||     3
       Sunlight          |       |       |       |       |       |     1 |     9 ||    10
       Rain              |       |       |       |       |       |     1 |     5 ||     6
 Abil: Blink             |       |       |       |       |       |     1 |       ||     1
       End Transformatio |       |       |       |       |       |       |     1 ||     1
Evoke: Wand              |     4 |     9 |    29 |    15 |    17 |    23 |    16 ||   113
       Rod               |       |       |       |     5 |    52 |   146 |   100 ||   303
       Stone of tremors  |       |       |       |     1 |     1 |     1 |     1 ||     4
       Deck              |       |       |       |       |    19 |     8 |    14 ||    41
       Fan of gales      |       |       |       |       |     3 |     4 |     2 ||     9
  Use: Scroll            |       |       |     9 |     8 |    14 |    23 |    14 ||    68
       Potion            |       |       |     4 |    12 |     7 |    17 |     5 ||    45
 Stab: Sleeping          |     7 |     6 |    34 |    22 |    62 |    42 |    54 ||   227
       Paralysed         |       |       |     2 |     1 |       |     6 |     7 ||    16
       Confused          |       |       |     1 |     4 |     4 |     6 |     3 ||    18
       Distracted        |       |       |       |     6 |     2 |     7 |    14 ||    29
       Invisible         |       |       |       |       |       |     1 |       ||     1
  Eat: Chunk             |       |     5 |     8 |     3 |    25 |    37 |    83 ||   161
       Meat ration       |       |       |     2 |     1 |     2 |     7 |     4 ||    16
       Beef jerky        |       |       |     1 |     2 |     1 |     4 |     1 ||     9
       Pizza             |       |       |     3 |       |     1 |     2 |     2 ||     8
       Bread ration      |       |       |       |     2 |     7 |     7 |     2 ||    18
       Royal jelly       |       |       |       |     7 |     7 |     1 |     4 ||    19
